 Dungeon Crawl Stone Soup version 0.27-a0-242-ge0fc76b88b (webtiles) character file.

Game seed: 9977982370745557031

528 knot the Chopper (level 7, 65/78 HPs)
             Began as a Demonspawn Berserker on Feb 3, 2021.
             Was a Follower of Trog.
             Quit the game on level 3 of the Dungeon.
             The game lasted 00:06:37 (4049 turns).

knot the Chopper (Demonspawn Berserker)             Turns: 4049, Time: 00:06:38

Health: 65/78      AC: 12    Str: 18    XL:     7   Next: 3%
Magic:  3/7        EV:  7    Int: 10    God:    Trog [*.....]
Gold:   134        SH:  0    Dex: 12    Spells: 6/6 levels left

rFire    . . .     SeeInvis .   a - +0 hand axe
rCold    . . .     Faith    .   (no shield)
rNeg     . . .     Spirit   +   s - +0 shadow dragon scales
rPois    .         Reflect  .   (no helmet)
rElec    .         Harm     .   (no cloak)
rCorr    .         Rampage  .   (no gloves)
Will     ++...                  r - +1 pair of boots {Stlth+}
Stlth    ..........             q - amulet of regeneration
HPRegen  1.63/turn              (no ring)
MPRegen  0.20/turn              (no ring)

@: berserking, regenerating (expiring), very quick
A: foul stench 1, magic shield, magic regeneration
a: Renounce Religion, Berserk


You were on level 3 of the Dungeon.
You worshipped Trog.
Trog was aware of your devotion.
You visited 1 branch of the dungeon, and saw 3 of its levels.

You collected 134 gold pieces.

Inventory:

Hand Weapons
 a - a +0 hand axe (weapon)
Missiles
 c - 233 stones
 j - 28 sling bullets
 k - 2 boomerangs
 m - 2 poisoned darts (quivered)
Armour
 r - a +1 pair of boots of stealth (worn)
 s - +0 shadow dragon scales (worn)
Jewellery
 f - an uncursed ring of ice
 q - an amulet of regeneration (around neck)
Scrolls
 d - 3 scrolls of identify {unknown}
 i - 3 scrolls of amnesia {unknown}
 l - a scroll of teleportation {unknown}
 n - 3 scrolls of magic mapping {unknown}
 o - a scroll of fog {unknown}
 p - a scroll of blinking {unknown}
 t - a scroll of remove curse {unknown}
Potions
 b - a potion of attraction {unknown}
 e - a potion of curing
 g - a potion of flight {unknown}
 h - a potion of haste {unknown}


   Skills:
 - Level 3.0 Fighting
 + Level 7.3 Axes
 - Level 1.7 Armour
 - Level 1.7 Dodging


You had 6 spell levels left.
You didn't know any spells.
Your spell library was empty.

Dungeon Overview and Level Annotations

Branches:
Dungeon (3/15)

Altars:
Elyvilon
Gozag
Okawaru


Innate Abilities, Weirdness & Mutations

You may rarely emit foul miasma when damaged in melee.
When hurt, damage is shared between your health and your magic reserves.
You regenerate magic rapidly.


Message History

Grinder is severely wounded.
Grinder hits you.
You writhe in agony.
You closely miss Grinder.
Grinder is severely wounded.
You hit Grinder.
Grinder is severely wounded.
You feel the effects of Trog's Hand fading.
Grinder gestures at you. You resist with almost no effort.
You slash Grinder!
Grinder is almost dead.
Grinder hits you but does no damage.
You slash Grinder!
You kill Grinder!
Trog accepts your kill.
Your Axes skill increases to level 7!
You have reached level 7!
Your demonic ancestry asserts itself...
You begin to emit a foul stench of rot and decay.
Are you sure you want to abandon this character and quit the game? (Confirm with "yes".)

#########
##...5>.((
########......5..
.............##..
.#######..####
#..####
######..#.5
#.....@.#.# .##
#.####..#.###(...#
#.# #........(#
#.# ####.###....#
#># #.# ### #.#
#.# #†# #.#
#.#######.#
#.........#


There were no monsters in sight!

Vanquished Creatures
  Grinder (D:3)
  Sigmund (D:3)
  Natasha (thrice) (D:2)
  A howler monkey zombie (D:3)
  5 adders (D:2)
  2 oozes
  A worm (D:2)
  A dart slug (D:2)
  A leopard gecko (D:2)
  An orc (D:3)
  6 giant cockroaches
  5 goblins
  6 hobgoblins
  A quokka (D:2)
  3 bats
  A frilled lizard (D:2)
  3 kobolds
  11 rats
53 creatures vanquished.

Vanquished Creatures (others)
  4 plants (D:3)
4 creatures vanquished.

Grand Total: 57 creatures vanquished

Notes
Turn   | Place    | Note
-------+----------+-------------------------------------------
     0 | D:1      | knot the Demonspawn Berserker began the quest for the Orb.
     0 | D:1      | Reached XP level 1. HP: 18/18 MP: 1/1
   125 | D:1      | Reached skill level 3 in Axes
   162 | D:1      | Gained mutation: You regenerate magic rapidly. [demonic
                  | ancestry]
   162 | D:1      | Reached XP level 2. HP: 22/24 MP: 2/2
   769 | D:2      | Reached XP level 3. HP: 20/29 MP: 3/3
  1083 | D:2      | Reached skill level 4 in Axes
  1388 | D:2      | Reached ** piety under Trog
  1888 | D:2      | Gained mutation: When hurt, damage is shared between your
                  | health and your magic reserves. [demonic ancestry]
  1888 | D:2      | Reached XP level 4. HP: 32/35 MP: 4/4
  2030 | D:2      | Found an iron altar of Okawaru.
  2579 | D:3      | Noticed Sigmund
  2581 | D:3      | Noticed Grinder
  2584 | D:3      | Noticed Natasha
  2863 | D:3      | Reached skill level 5 in Axes
  2899 | D:3      | Killed Sigmund
  2900 | D:3      | Reached skill level 6 in Axes
  2900 | D:3      | Reached XP level 5. HP: 30/41 MP: 3/5
  2965 | D:2      | Killed Natasha
  2966 | D:2      | Reached XP level 6. HP: 43/47 MP: 4/6
  3243 | D:2      | Found an opulent altar of Gozag.
  3516 | D:2      | Noticed Natasha
  3529 | D:2      | Killed Natasha
  3661 | D:2      | Found a white marble altar of Elyvilon.
  3973 | D:2      | Noticed Natasha
  3983 | D:2      | Killed Natasha
  4048 | D:3      | Killed Grinder
  4049 | D:3      | Reached skill level 7 in Axes
  4049 | D:3      | Gained mutation: You may rarely emit foul miasma when
                  | damaged in melee. [demonic ancestry]
  4049 | D:3      | Reached XP level 7. HP: 52/52 MP: 3/7
  4049 | D:3      | Quit the game

Illustrated notes

Levels and vault maps discovered:
D:1:      psy_arrival_fountain, layout_rooms
D:2:      layout_basic, nicolae_overflow_hidden_temple
D:3:      layout_loops_ring, serial_forest, infiniplex_forest_clump_double,
          infiniplex_forest_clump_C, infiniplex_forest_end_2,
          infiniplex_forest_fountain, infiniplex_forest_clump_small,
          infiniplex_forest_clump_tiny, infiniplex_forest_lined_3, uniq_grinder,
          uniq_natasha, uniq_sigmund, uniq_ijyb

Skill      XL: |  1  2  3  4  5  6 |
---------------+-------------------+-----
Axes           | 3 4 6 7 |  7.3
Fighting       | |  3.0
Armour         | |  1.7
Dodging        | |  1.7

Action                   |  1- 3 |  4- 6 |  7- 9 || total
-------------------------+-------+-------+-------++-------
Melee: Hand axe          |    87 |    88 |       ||   175
Throw: Dart              |    29 |    18 |       ||    47
       Stone             |     3 |       |       ||     3
Invok: Berserk           |     2 |     3 |       ||     5
       Trog's Hand       |       |     3 |       ||     3
  Use: Potion            |       |     1 |       ||     1
 Stab: Sleeping          |     1 |     3 |       ||     4
Armor: Animal skin       |     5 |    11 |       ||    16
       Shadow dragon sca |       |    25 |       ||    25
Dodge: Dodged            |    64 |    41 |       ||   105

Table legend: (Time is in decaauts)
 A = Elapsed time spent in this place.
 B = Non-inter-level travel time spent in this place.
 C = Inter-level travel time spent in this place.
 D = Time resting spent in this place.
 E = Time spent auto-exploring this place.
 F = Levels seen in this place.
 G = Mean time per level.
                   A        B        C        D        E       F      G
               +--------+--------+--------+--------+--------+-----+--------+
         Total |   4104 |   3046 |   1058 |   1128 |   1447 |   3 | 1368.0 |
       Dungeon |   4104 |   3046 |   1058 |   1128 |   1447 |   3 | 1368.0 |
               +--------+--------+--------+--------+--------+-----+--------+

Top non-repeatable levels by time:
     D:2: 3127 daAuts
     D:1: 668 daAuts
     D:3: 308 daAuts
